 Dungeon Crawl Stone Soup version 0.31.0-12-g77e489cdc1 (webtiles) character file.

Game seed: 666857552987494787

9336 Gadfly the Basher (level 11, -1/117 HPs)
             Began as an Oni Berserker on Feb 24, 2024.
             Was a High Priest of Trog.
             Slain by a yak (6 damage)
             ... on level 10 of the Dungeon.
             The game lasted 00:16:23 (11741 turns).

Gadfly the Basher (Oni Berserker)                  Turns: 11741, Time: 00:16:24

Health: -1/117     AC:  9    Str: 25    XL:     11   Next: 44%
Magic:  11/11      EV: 15    Int:  8    God:    Trog [*****.]
Gold:   617        SH:  0    Dex: 10    Spells: 10/10 levels left

rFire   . . .        a - +2 whip (elec)
rCold   . . .        (no shield)
rNeg    . . .        o - +0 steam dragon scales
rPois   .            (helmet restricted)
rElec   .            x - +0 cloak
rCorr   .            (gloves unavailable)
SInv    .            (boots unavailable)
Will    +....        (no amulet)
Stlth   +            q - +5 ring of evasion
HPRegen 0.39/turn    w - ring of flight
MPRegen 0.12/turn

%: no passive effects
@: flying
A: large, unfitting armour, horns 1, tough skin 1, double potion healing,
drunken brawling
a: Renounce Religion, Berserk, Trog's Hand, Brothers in Arms


You were on level 10 of the Dungeon.
You worshipped Trog.
Trog was extremely pleased with you.
You visited 1 branch of the dungeon, and saw 10 of its levels.
You visited the Abyss 1 time.

You collected 617 gold pieces.

Inventory:

Hand Weapons
 a - a +2 whip of electrocution (weapon)
 b - a +2 mace of protection
 c - a +0 mace of draining
 j - a +2 antimagic flail
 n - a +0 great mace
 t - a +0 dire flail
 B - a +5 broad axe of flaming
Armour
 o - +0 steam dragon scales (worn)
 x - a +0 cloak (worn)
Jewellery
 q - a +5 ring of evasion (left hand)
 w - a ring of flight (right hand)
Wands
 d - a wand of mindburst (26)
 p - a wand of flame (37) (quivered)
 r - a wand of iceblast (9)
 v - a wand of light (4)
 y - a wand of digging (2)
Scrolls
 e - a scroll of teleportation
 g - 3 scrolls of poison
 h - a scroll of blinking
 i - a scroll of enchant armour
 s - a scroll of silence {unknown}
 u - a scroll of enchant weapon
 A - a scroll of identify
Potions
 f - 2 potions of resistance
 k - 3 potions of enlightenment
 l - 2 potions of heal wounds
 m - a potion of curing
 z - a potion of might


   Skills:
 + Level 9.9 Fighting
 * Level 10.1 Maces & Flails
 * Level 8.5 Armour
 - Level 2.6 Dodging
 * Level 7.7 Evocations


You had 10 spell levels left.
You didn't know any spells.
Your spell library was empty.

Dungeon Overview and Level Annotations

Branches:
Dungeon (10/15)            Temple (0/1) D:5            Lair (0/5) D:10
    Orc: D:9-12

Altars:
Fedhas
Gozag
Hepliaklqana
Kikubaaqudgha
Sif Muna
Uskayaw
Vehumet
Wu Jian
The Shining One


Innate Abilities, Weirdness & Mutations

You are too large for most types of armour.
You have a pair of small horns on your head.
You have tough skin. (AC +1)
You gain doubled healing and magic from potions.
Whenever you drink a healing potion, you attack all around you.


Message History

You are too injured to fight recklessly!
You are too injured to fight recklessly!
You are too injured to fight recklessly!
You are too injured to fight recklessly!
You are too injured to fight recklessly!
You are too injured to fight recklessly!
You are too injured to fight recklessly!
You are too injured to fight recklessly!
You are too injured to fight recklessly!
You are too injured to fight recklessly!
You are too injured to fight recklessly!
You are too injured to fight recklessly!
You are too injured to fight recklessly!
Unknown command.
There are monsters nearby!
You hit the yak. You headbutt the yak.
The yak is almost dead.
The yak gores you! The yak gores you.
* * * LOW HITPOINT WARNING * * *
You closely miss the yak.
The yak is almost dead.
You whack the yak!
You kill the yak!
Trog accepts your kill. The yak gores you!
* * * LOW HITPOINT WARNING * * *
The yak barely misses you. The yak gores you but does no damage.
You hit the yak. You headbutt the yak.
The yak is lightly wounded.
You hit the yak but do no damage.
The yak is lightly wounded.
The yak gores you.
* * * LOW HITPOINT WARNING * * *
The yak barely misses you.
You hit the yak. Lightning courses through the yak!
The yak is heavily wounded.
The yak gores you!
* * * LOW HITPOINT WARNING * * *
The yak gores you.
You die... ..## . . ...≈ .#. #+##### #...#..# ....... ##.P.##.# ....... .PPPPP..#

....... ..P>PP.≈#
.......
.PPPPP..#########Y.....<
##...##.##≈≈≈≈≈≈@Y~.....
.#...#..##≈#######~.....
...≈...#.#≈# .....
..###.....≈# ....
..........~# #+#
.##.####..~#
.##......#≈#
.###..####≈#
.####'####≈≈


You could see 2 yaks.

Vanquished Creatures
  2 two-headed ogres (D:9)
  Pikel (D:4)
  Maurice (D:9)
  Maggie (D:6)
  Jeremiah (D:6)
  A tengu conjurer (D:8)
  A hornet (D:9)
  Grinder (D:3)
  Sigmund (D:4)
  8 yaks (D:10)
  3 steam dragons (D:7)
  The ghost of monsoonserge the Shooter, an amateur BaHs (D:4)
  2 vampire mosquitoes (D:9)
  Edmund (D:4)
  2 water moccasins
  Duvessa (D:4)
  An orc warrior (D:9)
  3 ice beasts
  A sky beast (D:8)
  A black bear (D:4)
  2 ogres
  4 centaurs
  A lemure (D:4)
  2 phantoms (D:7)
  Blork the orc (D:6)
  2 bullfrogs
  2 gnoll sergeants (D:8)
  2 scorpions
  5 necrophages (D:7)
  4 wights
  Dowan (D:4)
  4 killer bees (D:8)
  2 howler monkeys
  2 centaur zombies (D:7)
  7 orc priests
  4 hounds
  3 jellies
  A sleepcap (D:4)
  5 iguanas
  8 orc wizards
  A killer bee zombie (D:7)
  Robin (D:4)
  11 gnolls
  8 adders
  2 shadow imps
  5 white imps
  3 ribbon worms (D:3)
  42 orcs
  7 ball pythons
  10 endoplasms
  3 giant cockroaches
  11 goblins
  21 hobgoblins
  2 jackals (D:1)
  4 quokkas
  6 bats
  2 frilled lizards (D:3)
  5 kobolds
  5 rats
  A spectral orc (D:4)
246 creatures vanquished.

Vanquished Creatures (others)
  3 orc wizards
3 creatures vanquished.

Grand Total: 249 creatures vanquished

Notes
Turn   | Place    | Note
-------+----------+-------------------------------------------
     0 | D:1      | Gadfly the Oni Berserker began the quest for the Orb.
     0 | D:1      | Reached XP level 1. HP: 24/24 MP: 1/1
   227 | D:1      | Reached XP level 2. HP: 24/32 MP: 2/2
   731 | D:2      | Reached XP level 3. HP: 39/39 MP: 3/3
   770 | D:2      | Reached skill level 1 in Armour
   770 | D:2      | Reached skill level 1 in Evocations
  1067 | D:2      | Reached XP level 4. HP: 49/49 MP: 4/4
  1287 | D:3      | Noticed Grinder
  1299 | D:3      | Killed Grinder
  1300 | D:3      | Reached skill level 5 in Fighting
  1300 | D:3      | Reached skill level 4 in Maces & Flails
  1300 | D:3      | Reached XP level 5. HP: 25/57 MP: 5/5
  1300 | D:3      | Reached XP level 6. HP: 30/66 MP: 6/6
  1714 | D:3      | Reached ** piety under Trog
  2617 | D:4      | Noticed Robin
  2645 | D:4      | Killed Robin
  2827 | D:4      | Found a glowing golden altar of the Shining One.
  2886 | D:4      | Noticed Edmund
  2921 | D:4      | Reached XP level 7. HP: 63/72 MP: 2/7
  2923 | D:4      | Killed Edmund
  2924 | D:4      | Reached skill level 5 in Maces & Flails
  3037 | D:4      | Reached *** piety under Trog
  3421 | D:4      | Found a runed translucent gate.
  3421 | D:4      | Found a runed translucent gate.
  3421 | D:4      | Found a runed translucent gate.
  3784 | D:4      | Noticed Sigmund
  3788 | D:4      | Reached XP level 8. HP: 60/83 MP: 8/8
  3793 | D:4      | Killed Sigmund
  4012 | D:4      | Noticed Pikel
  4013 | D:4      | Noticed Duvessa
  4016 | D:4      | Noticed Dowan
  4032 | D:4      | HP: 4/83 [Pikel/+2 whip of electrocution (18)]
  4037 | D:4      | Killed Pikel
  4038 | D:4      | Reached skill level 6 in Maces & Flails
  4042 | D:4      | Killed Duvessa
  4043 | D:4      | Reached skill level 5 in Armour
  4044 | D:4      | Killed Dowan
  4045 | D:4      | Reached XP level 9. HP: 22/92 MP: 9/9
  5064 | D:4      | Reached skill level 7 in Maces & Flails
  5098 | D:4      | Found a hazy altar of Hepliaklqana.
  5161 | D:4      | Noticed monsoonserge's ghost (amateur BaHs)
  5223 | D:4      | Killed monsoonserge's ghost
  5224 | D:4      | Reached skill level 5 in Evocations
  5297 | D:5      | Entered Level 5 of the Dungeon
  5346 | D:5      | Reached **** piety under Trog
  5717 | D:5      | Found a staircase to the Ecumenical Temple.
  5983 | D:5      | Found an ornate altar of the Wu Jian Council.
  6263 | D:6      | Noticed Jeremiah
  6390 | D:6      | Noticed Blork the orc
  6404 | D:6      | Killed Blork the orc
  6546 | D:6      | Killed Jeremiah
  6853 | D:6      | Noticed Maggie
  6864 | D:6      | Killed Maggie
  6865 | D:6      | Reached skill level 8 in Maces & Flails
  7153 | D:7      | Reached XP level 10. HP: 104/104 MP: 10/10
  7373 | D:7      | Found a blossoming altar of Fedhas.
  7997 | D:7      | Found a radiant altar of Vehumet.
  8553 | D:8      | Found an ancient bone altar of Kikubaaqudgha.
  8608 | D:8      | Reached ***** piety under Trog
  9307 | D:8      | Reached skill level 9 in Maces & Flails
  9929 | D:9      | Noticed Maurice
  9937 | D:9      | Maurice stole a +0 mace of draining
  9944 | D:9      | Maurice stole a ring of flight
  9949 | D:9      | Maurice stole 472 gold
  9956 | D:9      | Killed Maurice
 10079 | D:9      | Noticed a two-headed ogre
 10097 | D:9      | Reached XP level 11. HP: 99/115 MP: 11/11
 10103 | D:9      | Killed a two-headed ogre
 10319 | D:8      | HP: 5/105 [gnoll sergeant/+1 spear of freezing (5)]
 10619 | Abyss:1  | Cast into level 1 of the Abyss (gnoll)
 10646 | Abyss:1  | Noticed a starcursed mass
 10665 | D:9      | Escaped the Abyss
 10846 | D:9      | Found a hide-covered altar of Uskayaw.
 11124 | D:9      | Received a gift from Trog
 11255 | D:9      | Found a shimmering blue altar of Sif Muna.
 11269 | D:9      | Found an opulent altar of Gozag.
 11270 | D:9      | Noticed a two-headed ogre
 11277 | D:9      | Killed a two-headed ogre
 11471 | D:10     | Entered Level 10 of the Dungeon
 11567 | D:10     | Reached skill level 10 in Maces & Flails
 11676 | D:10     | Found a staircase to the Lair.
 11741 | D:10     | HP: 5/117 [yak (11)]
 11741 | D:10     | Slain by a yak

Illustrated notes

Levels and vault maps discovered:
D:1:      elethiomel_arrival_quiet, layout_rooms, roderic_roman_lattice,
          serial_bayou_ford_a, minivault_11, minmay_unequal
D:2:      layout_rooms
D:3:      layout_basic, serial_curves, eino_curves_04, eino_curves_01,
          grunt_decor_arrowhead, roderic_lattice_a, uniq_grinder
D:4:      layout_basic, nicolae_hepliaklqana_monster_ancestors, tso_metal_star,
          ebering_ghost_rock_garden, minmay_divided_ellipse, uniq_robin,
          uniq_sigmund, uniq_pikel, uniq_duvessa, uniq_edmund
D:5:      layout_gridville, amcnicky_altar_gilded, minmay_temple_entry_slanted
D:6:      layout_rooms, uniq_blork_the_orc, uniq_jeremiah, uniq_maggie
D:7:      layout_basic, fedhas_altar_decomposition, vehumet_altar_wand_db
D:8:      kennysheep_ambush_hall, layout_gridville, mainiacjoe_overflow_24_doors
D:9:      layout_cross, mainiacjoe_overflow_tiny_flanked, grunt_gozag_statues,
          mainiacjoe_overflow_alcove_2, uniq_maurice
D:10:     layout_roguey, dpeg_oklobed_lair, wad_floor_pattern_1, minmay_orc_keep

Skill      XL: |  1  2  3  4  5  6  7  8  9 10 11 |
---------------+----------------------------------+-----
Armour         | 1 2 3 4 5 6 7 8 |  8.5
Evocations     | 1 2 3 4 5 7 |  7.7
Fighting       | 5 6 8 9 |  9.9
Maces & Flails | 4 5 6 8 9 10 | 10.1
Dodging        | |  2.6

Action                     |  1- 3 |  4- 6 |  7- 9 | 10-12 || total
---------------------------+-------+-------+-------+-------++-------
  Melee: Mace              |    81 |   105 |    83 |       ||   269
         Headbutt          |     4 |    10 |    55 |    83 ||   152
         Punch             |       |     2 |     4 |    11 ||    17
         Whip              |       |       |   191 |   427 ||   618
 Invoke: Berserk           |       |     3 |     1 |       ||     4
  Evoke: Wand              |       |       |     1 |     3 ||     4
    Use: Scroll            |     3 |     3 |     5 |     6 ||    17
         Potion            |       |       |     3 |     1 ||     4
 Armour: Animal skin       |    52 |   102 |   182 |       ||   336
         Steam dragon scal |       |       |     2 |   257 ||   259
  Dodge: Dodged            |    54 |    84 |   105 |   293 ||   536
